 Dungeon Crawl Stone Soup version 0.32-a0-900-g30fb1b0edc (webtiles) character file.

Game seed: 4903754801984056351

114 Rohain the Slasher (level 4, -1/23 (38) HPs)
             Began as a Gnoll Reaver on Apr 6, 2024.
             Constricted to death by Ijyb (4 damage)
             ... on level 3 of the Dungeon.
             The game lasted 00:03:02 (1984 turns).

Rohain the Slasher (Gnoll Reaver)                   Turns: 1984, Time: 00:03:02

HP:   -1/23 (38)    AC:  3    Str: 13    XL:     4   Next: 98%
MP:   9/11          EV:  1    Int: 13    God:
Gold: 107           SH:  0    Dex: 10    Spells: 10/13 levels left

rFire   . . .        a - +0 falchion
rCold   . . .        (no shield)
rNeg    . . .        b - +0 leather armour
rPois   .            (no helmet)
rElec   .            (no cloak)
rCorr   .            (no gloves)
SInv    .            (no boots)
Will    .....        (no amulet)
Stlth   +            (no ring)
HPRegen 0.23/turn    (no ring)
MPRegen 0.12/turn

%: no passive effects
@: grasped by roots, constricted, very heavily drained
A: fangs 1, strong nose, distributed training
a: no special abilities


You were on level 3 of the Dungeon.
You visited 1 branch of the dungeon, and saw 3 of its levels.

You collected 107 gold pieces.

Inventory:

Hand Weapons
 a - a +0 falchion (weapon)
Missiles
 h - 5 javelins (quivered)
Armour
 b - a +0 leather armour (worn)
Scrolls
 c - a scroll of identify {unknown}
 d - a scroll of vulnerability {unknown}
 e - a scroll of brand weapon {unknown}
 j - a scroll of torment {unknown}
Potions
 f - a potion of might {unknown}
 g - a potion of enlightenment {unknown}
 i - a potion of magic {unknown}
 k - 2 potions of lignification {unknown}
 l - a potion of mutation {unknown}
 m - a potion of curing {unknown}


   Skills:
 + Level 4.7 Fighting
 + Level 1.3 Short Blades
 + Level 6.6 Long Blades
 + Level 1.3 Axes
 + Level 1.3 Maces & Flails
 + Level 1.3 Polearms
 + Level 1.3 Staves
 + Level 1.3 Ranged Weapons
 + Level 1.3 Throwing
 + Level 1.3 Armour
 + Level 4.7 Dodging
 + Level 1.3 Stealth
 + Level 1.3 Shields
 + Level 1.3 Unarmed Combat
 + Level 5.1 Spellcasting
 + Level 5.5 Conjurations
 + Level 1.1 Hexes
 + Level 1.1 Summonings
 + Level 1.1 Necromancy
 + Level 1.1 Translocations
 + Level 1.1 Fire Magic
 + Level 1.1 Ice Magic
 + Level 1.1 Air Magic
 + Level 1.1 Earth Magic
 + Level 1.1 Alchemy
 + Level 1.5 Invocations
 + Level 1.3 Evocations
 + Level 1.2 Shapeshifting


You had 10 spell levels left.
You knew the following spells:

 Your Spells              Type           Power      Damage    Failure   Level
a - Kiss of Death         Conj/Necr      44%        2d8       6%          1
b - Momentum Strike       Conj/Tloc      22%        3d8       9%          2

Your spell library contained the following spells:

 Spells                   Type           Power      Damage    Failure   Level
 Shock                    Conj/Air       44%        1d5       6%          1
 Freeze                   Ice            24%        1d4       16%         1
 Hailstorm                Conj/Ice       11%        3d6       19%         3
 Frozen Ramparts          Ice            12%        1d2       41%         3
 Swiftness                Air            6%         N/A       41%         3
 Airstrike                Air            3%         2d(1-17)  83%         4


Dungeon Overview and Level Annotations

Branches:
Dungeon (3/15)

Altars:

Annotations:
D:3 Ijyb


Innate Abilities, Weirdness & Mutations

You have very sharp teeth.
Your uncanny sense of smell can sniff out nearby items.
Your experience applies equally to all skills.


Message History

Ijyb barely misses you.
You hit Ijyb but do no damage.
Ijyb is heavily wounded.
Ijyb hits you but does no damage.
You barely miss Ijyb.
Ijyb is heavily wounded.
You closely miss Ijyb.
Ijyb is heavily wounded.
Ijyb misses you.
You closely miss Ijyb. Your bite misses Ijyb.
Ijyb is heavily wounded.
Ijyb hits you with a +0 club.
You closely miss Ijyb.
Ijyb is heavily wounded.
Ijyb hits you with a +0 club.
* * * LOW HITPOINT WARNING * * *
Casting: Momentum Strike (safe; 9% risk of failure)
Confirm with . or Enter, or press ? or * to list all spells.
Aiming: Kiss of Death (safe; 6% risk of failure)
Press: ? - help, Shift-Dir - straight line, f/p - Ijyb
Aim: Ijyb, wielding a +0 club, wearing a +0 ring mail and carrying a wand of roots (heavily wounded, 100% to hit)
The fragment of death hits Ijyb but does no damage.
Ijyb is drained!
Ijyb is severely wounded.
You feel drained.
Ijyb zaps a wand.
The roots erupt in riotous growth!
The grasping roots grab you!
Ijyb is unaffected.
The grasping roots constrict you.
* * * LOW HITPOINT WARNING * * *
Unknown command.
You hit Ijyb but do no damage.
Ijyb is severely wounded.
Ijyb hits you with a +0 club.
* * * LOW HITPOINT WARNING * * *
The grasping roots constrict you.
* * * LOW HITPOINT WARNING * * *
You closely miss Ijyb.
Ijyb is severely wounded.
Ijyb hits you but does no damage. The grasping roots constrict you.
You die...
Ijyb screams, "Time for next experiment!"

###.####.#####..####...
..>.................... ...
##......#######...#... ...
#.#.........<........ ....
#.#....#......###...#
.....##.#.##........###.#.#
.....#..................#.#
....................##..#..
...(.....g@................
........######.........#.).
......#(# ##.##.#.......
........# #..........
......... #.#........
......... # #.#.#..#.
.......... #.#.##.##
.......... . ..##
.........#


You could see Ijyb (very drained).

Vanquished Creatures
  4 gnolls (D:2)
  3 adders (D:2)
  3 dart slugs
  6 ball pythons
  5 bats (D:2)
  3 endoplasms
  A giant cockroach (D:2)
  6 goblins (D:1)
  3 hobgoblins
  2 quokkas
  3 frilled lizards (D:2)
  3 kobolds
  2 rats (D:1)
44 creatures vanquished.

Notes
Turn   | Place    | Note
-------+----------+-------------------------------------------
     0 | D:1      | Rohain the Gnoll Reaver began the quest for the Orb.
     0 | D:1      | Reached XP level 1. HP: 20/20 MP: 6/6
    98 | D:1      | Reached XP level 2. HP: 20/26 MP: 7/7
   569 | D:1      | Reached skill level 5 in Spellcasting
   569 | D:1      | Reached XP level 3. HP: 26/31 MP: 7/9
   858 | D:2      | Reached skill level 1 in Invocations
  1244 | D:2      | Reached skill level 1 in Short Blades
  1244 | D:2      | Reached skill level 1 in Axes
  1244 | D:2      | Reached skill level 1 in Maces & Flails
  1244 | D:2      | Reached skill level 1 in Polearms
  1244 | D:2      | Reached skill level 1 in Staves
  1244 | D:2      | Reached skill level 1 in Ranged Weapons
  1244 | D:2      | Reached skill level 1 in Throwing
  1244 | D:2      | Reached skill level 1 in Armour
  1244 | D:2      | Reached skill level 1 in Stealth
  1244 | D:2      | Reached skill level 1 in Shields
  1244 | D:2      | Reached skill level 1 in Unarmed Combat
  1244 | D:2      | Reached skill level 1 in Evocations
  1265 | D:2      | Reached skill level 1 in Shapeshifting
  1265 | D:2      | Reached XP level 4. HP: 12/38 MP: 11/11
  1710 | D:2      | Reached skill level 1 in Hexes
  1710 | D:2      | Reached skill level 1 in Summonings
  1710 | D:2      | Reached skill level 1 in Necromancy
  1710 | D:2      | Reached skill level 1 in Translocations
  1710 | D:2      | Reached skill level 1 in Fire Magic
  1710 | D:2      | Reached skill level 1 in Ice Magic
  1710 | D:2      | Reached skill level 1 in Air Magic
  1710 | D:2      | Reached skill level 1 in Earth Magic
  1710 | D:2      | Reached skill level 1 in Alchemy
  1841 | D:2      | Learned a level 2 spell: Momentum Strike
  1960 | D:3      | Noticed Ijyb
  1984 | D:3      | Constricted to death by Ijyb

Illustrated notes

Levels and vault maps discovered:
D:1:      minmay_arrival_stair_chambers, layout_basic, minmay_misc_feat_columns
D:2:      layout_basic, kennysheep_nub, hangedman_decor_push
D:3:      layout_rooms, mainiacjoe_overflow_tiny_flanked, uniq_ijyb

Skill      XL: |  1  2  3  4 |
---------------+-------------+-----
Spellcasting   | 5 |  5.1
Invocations    | 1 |  1.5
Short Blades   | 1 |  1.3
Axes           | 1 |  1.3
Maces & Flails | 1 |  1.3
Polearms       | 1 |  1.3
Staves         | 1 |  1.3
Ranged Weapons | 1 |  1.3
Throwing       | 1 |  1.3
Armour         | 1 |  1.3
Stealth        | 1 |  1.3
Shields        | 1 |  1.3
Unarmed Combat | 1 |  1.3
Evocations     | 1 |  1.3
Shapeshifting  | 1 |  1.2
Hexes          | 1 |  1.1
Summonings     | 1 |  1.1
Necromancy     | 1 |  1.1
Translocations | 1 |  1.1
Fire Magic     | 1 |  1.1
Ice Magic      | 1 |  1.1
Air Magic      | 1 |  1.1
Earth Magic    | 1 |  1.1
Alchemy        | 1 |  1.1
Fighting       | |  4.7
Long Blades    | |  6.6
Dodging        | |  4.7
Conjurations   | |  5.5

Action                     |  1- 3 |  4- 6 || total
---------------------------+-------+-------++-------
  Melee: Falchion          |    77 |    52 ||   129
         Bite              |     7 |     1 ||     8
  Throw: Javelin           |     3 |     4 ||     7
   Cast: Kiss of Death     |       |     3 ||     3
         Momentum Strike   |       |     1 ||     1
    Use: Scroll            |       |     1 ||     1
 Armour: Leather armour    |    51 |    50 ||   101
  Dodge: Dodged            |    39 |    37 ||    76

Table legend: (Time is in decaauts)
 A = Elapsed time spent in this place.
 B = Non-inter-level travel time spent in this place.
 C = Inter-level travel time spent in this place.
 D = Time resting spent in this place.
 E = Time spent auto-exploring this place.
 F = Levels seen in this place.
 G = Mean time per level.
                   A        B        C        D        E       F      G
               +--------+--------+--------+--------+--------+-----+--------+
         Total |   1983 |   1917 |     66 |    176 |   1351 |   3 |  661.0 |
       Dungeon |   1983 |   1917 |     66 |    176 |   1351 |   3 |  661.0 |
               +--------+--------+--------+--------+--------+-----+--------+

Top non-repeatable levels by time:
     D:2: 1080 daAuts
     D:1: 787 daAuts
     D:3: 116 daAuts
